 Dungeon Crawl Stone Soup version 0.29-a0-575-g0dc89cf053 (webtiles) character file.

Game seed: 2484884875932887750

2624 DocClef the Covert (level 9, -2/61 (66) HPs)
             Began as a Gnoll Delver on June 12, 2022.
             Was an Elder of Hepliaklqana.
             Succumbed to Maurice's poison
             ... on level 9 of the Dungeon.
             The game lasted 00:07:48 (8165 turns).

DocClef the Covert (Gnoll Delver)                   Turns: 8165, Time: 00:07:49

HP:   -2/61 (66)    AC:  6    Str:  9 (12) XL:     9   Next: 60%
MP:   15/15         EV: 16    Int:  7 (9)  God:    Hepliaklqana [****..]
Gold: 71            SH:  0    Dex: 22 (24) Spells: 16/16 levels left

rFire   . . .      SeeInvis .   m - +1 quarterstaff (speed)
rCold   . . .      Faith    .   (shield currently unavailable)
rNeg    . . .      Spirit   .   b - +0 leather armour
rPois   .          Reflect  .   (no helmet)
rElec   .          Harm     .   F - +0 cloak
rCorr   .          Rampage  .   H - +0 pair of gloves
Will    .....                   (no boots)
Stlth   +++++.....              (no amulet)
HPRegen 0.20/turn               G - +6 ring of dexterity
MPRegen 0.14/turn               (no ring)

@: lethally poisoned (-2 -> -27), drained, invisible
A: reduced essence, fangs 1, strong nose, distributed training
a: Renounce Religion, Recall Ancestor, Ancestor Identity, Transference, Idealise


You were on level 9 of the Dungeon.
You worshipped Hepliaklqana.
Hepliaklqana was greatly pleased with you.
You visited 2 branches of the dungeon, and saw 11 of its levels.
You also visited: Ossuary.

You collected 71 gold pieces.

Inventory:

Hand Weapons
 a - a +0 short sword
 m - a +1 quarterstaff of speed (weapon)
Missiles
 k - 3 curare-tipped darts (quivered)
 u - a throwing net
Armour
 b - a +0 leather armour (worn)
 F - a +0 cloak (worn)
 H - a +0 pair of gloves (worn)
Jewellery
 d - a +6 ring of intelligence
 l - a ring of magical power
 z - a ring of protection from fire
 G - a +6 ring of dexterity (left hand)
 I - an amulet of magic regeneration
 Q - a +4 ring of protection
Wands
 g - a wand of digging (3)
 j - a wand of polymorph (14)
 L - a wand of mindburst (17)
 N - a wand of flame (31)
Scrolls
 c - 3 scrolls of fog
 e - 3 scrolls of fear
 n - 6 scrolls of enchant weapon {unknown}
 o - a scroll of magic mapping
 p - 2 scrolls of summoning {unknown}
 s - 4 scrolls of immolation {unknown}
 v - 3 scrolls of enchant armour {unknown}
 w - 4 scrolls of teleportation {unknown}
 x - 3 scrolls of amnesia {unknown}
 y - 4 scrolls of identify {unknown}
 C - a scroll of acquirement {unknown}
 K - a scroll of poison {unknown}
 O - a scroll of blinking {unknown}
Potions
 h - 6 potions of curing
 i - 2 potions of invisibility
 r - a potion of mutation {unknown}
 t - 2 potions of lignification {unknown}
 B - 2 potions of might {unknown}
 D - 3 potions of flight
 E - 4 potions of brilliance {unknown}
 J - a potion of cancellation {unknown}
 M - a potion of ambrosia {unknown}


   Skills:
 + Level 8.0 Fighting
 + Level 6.4 Short Blades
 + Level 4.4 Long Blades
 + Level 4.4 Axes
 + Level 4.4 Maces & Flails
 + Level 4.4 Polearms
 + Level 4.4 Staves
 + Level 4.4 Slings
 + Level 4.4 Bows
 + Level 4.4 Crossbows
 + Level 4.4 Throwing
 + Level 4.4 Armour
 + Level 6.4 Dodging
 + Level 10.5 Stealth
 + Level 4.4 Shields
 + Level 4.4 Unarmed Combat
 + Level 4.4 Spellcasting
 + Level 3.6 Conjurations
 + Level 3.6 Hexes
 + Level 3.6 Summonings
 + Level 3.6 Necromancy
 + Level 3.6 Translocations
 + Level 3.6 Transmutations
 + Level 3.6 Fire Magic
 + Level 3.6 Ice Magic
 + Level 3.6 Air Magic
 + Level 3.6 Earth Magic
 + Level 3.6 Poison Magic
 + Level 4.8 Invocations
 + Level 4.4 Evocations


You had 16 spell levels left.
You didn't know any spells.
Your spell library contained the following spells:

 Spells                   Type           Power      Damage    Failure   Level
 Sting                    Tmut/Pois      24%        1d4       10%         1
 Ensorcelled Hibernation  Hex/Ice        12%        N/A       14%         2
 Frozen Ramparts          Ice            12%        1d3       28%         3
 Portal Projectile        Hex/Tloc       12%        N/A       28%         3
 Spider Form              Tmut/Pois      6%         N/A       28%         3
 Tukima's Dance           Hex            6%         N/A       28%         3
 Anguish                  Hex/Necr       3%         N/A       67%         4
 Ice Form                 Ice/Tmut       6%         N/A       67%         4
 Summon Ice Beast         Ice/Summ       6%         N/A       67%         4
 Blade Hands              Tmut           3%         N/A       95%         5
 Eringya's Noxious Bog    Tmut/Pois      3%         N/A       100%        6


Dungeon Overview and Level Annotations

Branches:
Dungeon (10/15)            Temple (1/1) D:5         Ossuary (visited)
   Lair: D:8-11         Orc: D:9-12

Altars:
Ashenzari
Cheibriados
Dithmenos
Elyvilon
Fedhas
Gozag
Hepliaklqana
Kikubaaqudgha
Makhleb
Nemelex Xobeh
Okawaru
Qazlal
Ru
Sif Muna
Trog
Uskayaw
Vehumet
Wu Jian
Yredelemnul
Zin
The Shining One

Shops:
D:7 :[

Annotations:
D:5 2 transporters, DocClef's ghost, amateur GnDe; Ijyb
D:9 Maurice


Innate Abilities, Weirdness & Mutations

Your life essence is reduced to manifest your ancestor. (-10% HP)
You have very sharp teeth.
Your uncanny sense of smell can sniff out nearby items.
Your experience applies equally to all skills.


Message History

Maurice drinks a potion.
Maurice suddenly seems more resistant.
You are too injured to fight recklessly!
You hit Maurice.
Maurice is severely wounded.
You feel very sick.
You barely miss Maurice.
Maurice is severely wounded.
You feel sick. Maurice closely misses you.
You barely miss Maurice.
Maurice is severely wounded.
You feel very sick.
Maurice casts a spell.
Maurice flickers and vanishes!
Deactivating autopickup; reactivate with Ctrl-A.
Unknown command.
You closely miss something.
You feel sick.
It was a potion of curing.
You feel better. Something hits you.
Something steals your 3 potions of haste!
You are poisoned.
You miss something.
You feel very sick. Something hits you.
* * * LOW HITPOINT WARNING * * *
Something steals 1 of your 2 throwing nets!
You are more poisoned.
It was a potion of invisibility.
You fade into invisibility!
* * * LOW HITPOINT WARNING * * *
You feel very sick. Something closely misses you.
It was a potion of degeneration.
There was something very wrong with that liquid.
You feel weakened.
You feel dopey.
You feel clumsy.
* * * LOW HITPOINT WARNING * * *
You feel very sick. Something hits you!
* * * LOW HITPOINT WARNING * * *
Something steals 539 gold pieces!
You now have 71 gold pieces.
You are more poisoned.
You die...

'#######........ .....
.......#........ .....
.......########. ....
..............#####...
........####........#####
........# #.............
....##..####.............
....##........?...{......
................@........
#########################


There were no monsters in sight!

Vanquished Creatures
  Edmund (D:6)
  2 water moccasins
  A black bear (D:6)
  2 sky beasts
  A phantom (D:5)
  A kobold brigand (D:7)
  3 bullfrogs
  A scorpion (D:5)
  3 wights (D:8)
  5 hounds
  Crazy Yiuf (D:2)
  Jessica (D:2)
  2 iguanas
  An orc wizard (D:5)
  8 mummies (Ossuary)
  2 gnolls (D:7)
  2 adders
  A shadow imp (D:7)
  A white imp (D:7)
  An ufetubus (D:6)
  12 orcs
  6 ball pythons
  5 bats
  2 endoplasms
  A gnoll zombie (Ossuary)
  7 goblins
  3 hobgoblins (D:1)
  2 jackals (D:2)
  6 kobolds
  3 quokkas (D:4)
  3 hobgoblin zombies (Ossuary)
  A kobold zombie (Ossuary)
  3 orc zombies (Ossuary)
  7 rats
101 creatures vanquished.

Vanquished Creatures (collateral kills)
  Prince Ribbit (D:6)
  Sigmund (D:2)
  An orc warrior (D:6)
  A black bear (D:7)
  A kobold brigand (D:8)
  A bullfrog (D:7)
  A wight (D:8)
  2 hounds (D:6)
  A jelly (D:6)
  A gnoll shaman (D:7)
  3 orc wizards (D:6)
  2 gnolls (D:7)
  A white imp (D:6)
  A worm (D:3)
  2 ball pythons (D:2)
  An endoplasm (D:1)
  2 giant cockroaches (D:1)
  2 hobgoblins
  A jackal (D:2)
  4 kobolds
  2 bats
  A goblin (D:1)
33 creatures vanquished.

Grand Total: 134 creatures vanquished

Notes
Turn   | Place    | Note
-------+----------+-------------------------------------------
     0 | D:5      | Reached skill level 9 in Stealth
     0 | D:5      | DocClef the Gnoll Delver began the quest for the Orb.
     0 | D:5      | Reached XP level 1. HP: 23/23 MP: 1/1
    22 | D:5      | Noticed an iguana
    23 | D:5      | Noticed a hound
    29 | D:5      | Killed an iguana
    30 | D:5      | Reached XP level 2. HP: 29/29 MP: 2/2
    30 | D:5      | Reached XP level 3. HP: 35/35 MP: 3/3
    32 | D:5      | Reached skill level 1 in Long Blades
    32 | D:5      | Reached skill level 1 in Axes
    32 | D:5      | Reached skill level 1 in Maces & Flails
    32 | D:5      | Reached skill level 1 in Polearms
    32 | D:5      | Reached skill level 1 in Staves
    32 | D:5      | Reached skill level 1 in Slings
    32 | D:5      | Reached skill level 1 in Bows
    32 | D:5      | Reached skill level 1 in Crossbows
    32 | D:5      | Reached skill level 1 in Throwing
    32 | D:5      | Reached skill level 1 in Armour
    32 | D:5      | Reached skill level 1 in Shields
    32 | D:5      | Reached skill level 1 in Unarmed Combat
    32 | D:5      | Reached skill level 1 in Spellcasting
    32 | D:5      | Reached skill level 1 in Invocations
    32 | D:5      | Reached skill level 1 in Evocations
    45 | D:5      | Found a staircase to the Ecumenical Temple.
    51 | D:5      | Noticed DocClef's ghost (amateur GnDe)
    52 | D:5      | Found a transporter.
    52 | D:5      | Noticed an ogre
    53 | D:5      | Found a transporter.
    60 | D:5      | Noticed an ogre
    74 | Temple   | Entered the Ecumenical Temple
   500 | Temple   | Became a worshipper of Hepliaklqana the Forgotten
   632 | D:5      | Reached XP level 4. HP: 41/41 MP: 5/5
   664 | D:5      | Reached skill level 1 in Conjurations
   664 | D:5      | Reached skill level 1 in Hexes
   664 | D:5      | Reached skill level 1 in Summonings
   664 | D:5      | Reached skill level 1 in Necromancy
   664 | D:5      | Reached skill level 1 in Translocations
   664 | D:5      | Reached skill level 1 in Transmutations
   664 | D:5      | Reached skill level 1 in Fire Magic
   664 | D:5      | Reached skill level 1 in Ice Magic
   664 | D:5      | Reached skill level 1 in Air Magic
   664 | D:5      | Reached skill level 1 in Earth Magic
   664 | D:5      | Reached skill level 1 in Poison Magic
   750 | D:5      | Got the Volume of the Five Ghosts
  1069 | D:5      | Noticed a scorpion
  1076 | D:5      | Killed a scorpion
  1077 | D:5      | Reached XP level 5. HP: 47/47 MP: 5/7
  1106 | D:5      | Noticed a phantom
  1126 | D:5      | Killed a phantom
  1127 | D:5      | Reached XP level 6. HP: 43/53 MP: 8/8
  1225 | D:5      | Noticed Ijyb
  1401 | D:4      | Found a sand-covered staircase.
  1405 | Ossuary  | Entered an ossuary
  1478 | Ossuary  | Reached skill level 5 in Short Blades
  1478 | Ossuary  | Reached skill level 5 in Dodging
  2383 | D:4      | Reached * piety under Hepliaklqana
  2553 | D:4      | Reached XP level 7. HP: 53/53 MP: 10/10
  3814 | D:3      | Reached ** piety under Hepliaklqana
  3815 | D:3      | Remembered your ancestor Tenoch as a battlemage
  4374 | D:2      | Noticed Jessica
  4384 | D:2      | Killed Jessica
  4497 | D:2      | Noticed Sigmund
  4502 | D:2      | Killed Sigmund
  4503 | D:2      | Reached skill level 10 in Stealth
  4735 | D:2      | Found a runed translucent door.
  4736 | D:2      | Noticed Crazy Yiuf
  4744 | D:2      | Killed Crazy Yiuf
  4921 | D:1      | Reached XP level 8. HP: 60/60 MP: 12/12
  5222 | D:1      | Found a faded altar of an unknown god.
  5696 | D:6      | Reached *** piety under Hepliaklqana
  5959 | D:6      | Noticed Prince Ribbit
  5963 | D:6      | Killed Prince Ribbit
  5979 | D:6      | Noticed Edmund
  5995 | D:6      | Killed Edmund
  6528 | D:6      | Found a shimmering blue altar of Sif Muna.
  6775 | D:7      | Found Waunulal's Book Boutique.
  6782 | D:7      | Reached XP level 9. HP: 64/65 MP: 14/14
  7005 | D:7      | Found Iril's Antique Armour Boutique.
  7827 | D:8      | You fall into a shaft and drop 2 floors!
  7827 | D:10     | Entered Level 10 of the Dungeon
  7827 | D:10     | Reached **** piety under Hepliaklqana
  8142 | D:9      | Noticed Maurice
  8165 | D:9      | Succumbed to Maurice's poison

Illustrated notes

Levels and vault maps discovered:
D:1:      eino_arrival_cavern_d, layout_rooms,
          hellmonk_ecumenical_altar_crossroads, roderic_roman_lattice,
          minmay_pentomino_w2
D:2:      layout_basic, uniq_crazy_yiuf_cottage, uniq_jessica, uniq_sigmund
D:3:      layout_basic, kennysheep_generic_room_14
D:4:      layout_loops_corners, nicolae_ossuary_entry_false_entrances,
          minmay_cupped
D:5:      layout_basic, temple_pool_b, gammafunk_ghost_smash, uniq_ijyb
D:6:      layout_basic, nicolae_sif_muna_condensation, minmay_misc_feat_columns,
          nicolae_concentric_dashed_squares_mild, uniq_prince_ribbit1,
          uniq_edmund
D:7:      layout_cave_pools, serial_shops, nicolae_stop_n_shop_2,
          nicolae_shop_waterfront
D:8:      layout_basic, amcnicky_altar_gilded, minmay_misc_feat_cross,
          minmay_mini_ossuary, uniq_grum
D:9:      layout_stronghold, erik_lair_island, serial_glass, glass_columns_a,
          glass_columns_b, uniq_psyche, uniq_maurice
D:10:     layout_basic, erik_orc_1, uniq_fannar
Temple:   mainiacjoe_temple_big_plus

Skill      XL: |  1  2  3  4  5  6  7  8  9 |
---------------+----------------------------+-----
Stealth        | 10 | 10.5
Long Blades    | 1 2 3 4 |  4.4
Axes           | 1 2 3 4 |  4.4
Maces & Flails | 1 2 3 4 |  4.4
Polearms       | 1 2 3 4 |  4.4
Staves         | 1 2 3 4 |  4.4
Slings         | 1 2 3 4 |  4.4
Bows           | 1 2 3 4 |  4.4
Crossbows      | 1 2 3 4 |  4.4
Throwing       | 1 2 3 4 |  4.4
Armour         | 1 2 3 4 |  4.4
Shields        | 1 2 3 4 |  4.4
Unarmed Combat | 1 2 3 4 |  4.4
Spellcasting   | 1 2 3 4 |  4.4
Invocations    | 1 2 3 4 |  4.8
Evocations     | 1 2 3 4 |  4.4
Conjurations   | 1 2 3 |  3.6
Hexes          | 1 2 3 |  3.6
Summonings     | 1 2 3 |  3.6
Necromancy     | 1 2 3 |  3.6
Translocations | 1 2 3 |  3.6
Transmutations | 1 2 3 |  3.6
Fire Magic     | 1 2 3 |  3.6
Ice Magic      | 1 2 3 |  3.6
Air Magic      | 1 2 3 |  3.6
Earth Magic    | 1 2 3 |  3.6
Poison Magic   | 1 2 3 |  3.6
Short Blades   | 5 6 |  6.4
Dodging        | 5 6 |  6.4
Fighting       | 7 8 |  8.0

Action                   |  1- 3 |  4- 6 |  7- 9 || total
-------------------------+-------+-------+-------++-------
Melee: Short sword       |     3 |    53 |       ||    56
       Bite              |       |    18 |    24 ||    42
       Punch             |       |     2 |       ||     2
       Quarterstaff      |       |   104 |   240 ||   344
Throw: Dart              |       |     3 |       ||     3
Invok: Ancestor Life: Ba |       |       |     1 ||     1
  Use: Potion            |       |     2 |     3 ||     5
       Scroll            |       |     2 |       ||     2
 Stab: Sleeping          |     3 |     6 |    19 ||    28
       Distracted        |       |       |     3 ||     3
Armor: Leather armour    |       |    20 |    32 ||    52
Dodge: Dodged            |       |    81 |   139 ||   220

Table legend: (Time is in decaauts)
 A = Elapsed time spent in this place.
 B = Non-inter-level travel time spent in this place.
 C = Inter-level travel time spent in this place.
 D = Time resting spent in this place.
 E = Time spent auto-exploring this place.
 F = Levels seen in this place.
 G = Mean time per level.
                   A        B        C        D        E       F      G
               +--------+--------+--------+--------+--------+-----+--------+
         Total |   8077 |   7653 |    424 |    535 |   5898 |  12 |  673.1 |
       Dungeon |   6888 |   6536 |    352 |    199 |   5267 |  10 |  688.8 |
        Temple |    464 |    392 |     72 |      0 |    386 |   1 |  464.0 |
       Ossuary |    723 |    723 |      0 |    336 |    245 |   1 |  723.0 |
               +--------+--------+--------+--------+--------+-----+--------+

Top non-repeatable levels by time:
     D:3: 1585 daAuts
     D:6: 1154 daAuts
     D:4: 924 daAuts
     D:5: 810 daAuts
 Ossuary: 723 daAuts
     D:7: 613 daAuts
     D:1: 577 daAuts
     D:2: 475 daAuts
  Temple: 464 daAuts
     D:8: 413 daAuts
     D:9: 251 daAuts
    D:10: 82 daAuts
